 Dungeon Crawl Stone Soup version 0.21.1-1-g345015f (webtiles) character file.

2126 wilfster70 the Sneak (level 9, 0/65 HPs)
             Began as a Gnoll Enchanter on July 20, 2018.
             Was a Priest of Vehumet.
             Succumbed to a gnoll sergeant's poison
             ... on level 6 of the Dungeon.
             The game lasted 00:22:49 (5871 turns).

wilfster70 the Sneak (Gnoll Enchanter)              Turns: 5871, Time: 00:22:50

Health: 0/65       AC:  6    Str: 11    XL:     9   Next: 29%
Magic:  18/27      EV: 16    Int: 21    God:    Vehumet [***...]
Gold:   120        SH:  0    Dex: 17    Spells: 7/21 levels left

rFire    + . .     SeeInvis .   a - +8 dagger of Dithmenos's Approval {pierce, rF+}
rCold    + . .     Gourm    .   (no shield)
rNeg     . . .     Faith    .   B - +1 robe of Intuition {rElec rC+ Int+2}
rPois    .         Spirit   .   n - +0 helmet
rElec    +         Reflect  .   h - +0 cloak of Egruc {rElec}
rCorr    .         Harm     .   o - +0 pair of gloves
MR       .....                  (no boots)
Stlth    ++++......             (no amulet)
HPRegen  0.20/turn              (no ring)
MPRegen  0.20/turn              v - ring of magical power

@: lethally poisoned (0 -> -47)
A: distributed training, fangs 1, strong nose
a: Renounce Religion


You were on level 6 of the Dungeon.
You worshipped Vehumet.
Vehumet was most pleased with you.
You were not hungry.

You visited 1 branch of the dungeon, and saw 6 of its levels.
You also visited: Ossuary.

You collected 285 gold pieces.
You spent 165 gold pieces at shops.

Inventory:

Hand Weapons
 a - the +8 dagger of Dithmenos's Approval (weapon) {pierce, rF+}
   (You found it on level 6 of the Dungeon)

   It inflicts extra damage upon your enemies.
   It protects you from fire.
 b - a +2 flail of protection
 p - a +0 hunting sling
 C - a +0 hunting sling
Missiles
 k - 173 stones (quivered)
 D - 62 sling bullets
Armour
 f - a +0 large shield
 h - the +0 cloak of Egruc (worn) {rElec}
   (You acquired it on level 6 of the Dungeon)

   It insulates you from electricity.
 n - a +0 helmet (worn)
 o - a +0 pair of gloves (worn)
 u - a +0 cloak
 B - the +1 robe of Intuition (worn) {rElec rC+ Int+2}
   (You bought it in a shop on level 4 of the Dungeon)

   It affects your intelligence (+2).
   It protects you from cold.
   It insulates you from electricity.
Jewellery
 v - a ring of magical power (right hand)
Scrolls
 e - 3 scrolls of fog
 m - 4 scrolls of identify
 r - a scroll of remove curse
 t - 4 scrolls of teleportation
 y - a scroll of holy word
 F - 4 scrolls of magic mapping
 G - a scroll of enchant weapon
 J - a scroll of amnesia {unknown}
 K - a scroll of enchant armour {unknown}
Potions
 g - a potion of cancellation {unknown}
 i - 7 potions of curing {unknown}
 j - a potion of haste {unknown}
 l - 2 potions of flight {unknown}
 q - a potion of ambrosia {unknown}
 s - a potion of berserk rage {unknown}
 w - a potion of experience {unknown}
 z - 2 potions of lignification {unknown}
 A - 2 potions of agility {unknown}
Books
 c - a book of Maledictions

   Spells                             Type                      Level
   a - Corona                         Hexes                        1
   b - Ensorcelled Hibernation        Hexes/Ice                    2
   c - Confuse                        Hexes                        3
   d - Tukima's Dance                 Hexes                        3
   e - Dazzling Spray                 Conjuration/Hexes            3
 H - a book of Cantrips

   Spells                             Type                      Level
   a - Confusing Touch                Hexes                        1
   b - Animate Skeleton               Necromancy                   1
   c - Summon Small Mammal            Summoning                    1
   d - Apportation                    Translocation                1
Comestibles
 d - 12 rations
 E - 5 chunks of flesh


   Skills:
 + Level 4.0 Fighting
 + Level 4.8 Short Blades
 + Level 4.0 Long Blades
 + Level 4.0 Axes
 + Level 4.0 Maces & Flails
 + Level 4.0 Polearms
 + Level 4.0 Staves
 + Level 4.0 Slings
 + Level 4.0 Bows
 + Level 4.0 Crossbows
 + Level 4.0 Throwing
 + Level 4.0 Armour
 + Level 6.2 Dodging
 + Level 7.3 Stealth
 + Level 4.0 Shields
 + Level 4.0 Unarmed Combat
 + Level 6.5 Spellcasting
 + Level 3.3 Conjurations
 + Level 6.4 Hexes
 + Level 3.3 Charms
 + Level 3.3 Summonings
 + Level 3.3 Necromancy
 + Level 3.3 Translocations
 + Level 3.3 Transmutations
 + Level 3.3 Fire Magic
 + Level 3.3 Ice Magic
 + Level 3.3 Air Magic
 + Level 3.3 Earth Magic
 + Level 3.3 Poison Magic
 + Level 4.4 Invocations
 + Level 4.0 Evocations


You had 7 spell levels left.
You knew the following spells:

 Your Spells              Type           Power        Failure   Level  Hunger
a - Corona                Hex            ####...      1%          1    None
b - Ensorcelled Hibernat  Hex/Ice        ####..       1%          2    None
c - Confuse               Hex            ####....     1%          3    #......
d - Shock                 Conj/Air       ###.         1%          1    None
e - Conjure Flame         Conj/Fire      ###.....     1%          3    #......
f - Sticky Flame          Conj/Fire      ###.....     7%          4    ###....


Dungeon Overview and Level Annotations

Branches:
Dungeon (6/15)             Temple (0/1) D:4

Altars:
Nemelex Xobeh
Vehumet

Shops:
D:4 %%*

Annotations:
D:4 dscm's ghost, amateur GrEE


Innate Abilities, Weirdness & Mutations

Your experience applies equally to all skills.
You have very sharp teeth.
Your uncanny sense of smell can sniff out nearby items.


Message History

Aim: a gnoll sergeant, wielding a trident of venom and wearing a scale mail (chance to defeat MR: 56%)
The gnoll sergeant resists with significant effort.
* * * LOW HITPOINT WARNING * * *
You feel very sick.
The gnoll sergeant hits you with a trident of venom.
* * * LOW HITPOINT WARNING * * *
You are more poisoned.
Casting: Ensorcelled Hibernation
Confirm with . or Enter, or press ? or * to list all spells.
Aiming: Ensorcelled Hibernation
Press: ? - help, Shift-Dir - straight line, f/p - gnoll sergeant
Aim: a gnoll sergeant, wielding a trident of venom and wearing a scale mail (chance to defeat MR: 56%)
The gnoll sergeant looks drowsy...
* * * LOW HITPOINT WARNING * * *
You feel very sick.
The helpless gnoll sergeant fails to defend itself.
You stick the gnoll sergeant like a pincushion!!!
You kill the gnoll sergeant!
Vehumet accepts your kill.
You die...

##.....####.#
####### #.##
#..# ##.#
#.## #..#
##.## ##$###
##@)####
##)...#
###......(
#####.%


There were no monsters in sight!

Vanquished Creatures
  The ghost of Swet the Chopper, a novice MiCK of Xom (D:5)
  The ghost of tkdonut the Chopper, an amateur HOBe of Trog (D:3)
  A water moccasin (D:3)
  2 sky beasts
  An ogre (D:4)
  A centaur (D:5)
  2 elf zombies (Ossuary)
  A gnoll sergeant (D:6)
  2 scorpions (D:4)
  A howler monkey (D:4)
  2 centaur zombies (Ossuary)
  3 human zombies (Ossuary)
  3 orc priests
  3 orc wizards (D:4)
  5 worker ants
  A big kobold zombie (Ossuary)
  A hound skeleton (D:5)
  2 mummies (Ossuary)
  2 worker ant zombies (D:5)
  5 gnolls
  10 adders
  A shadow imp (D:5)
  2 worms
  2 dart slugs
  6 leopard geckos
  21 orcs
  10 bats
  7 giant cockroaches
  6 goblins
  6 hobgoblins
  5 quokkas
  4 frilled lizards
  A goblin zombie (Ossuary)
  7 hobgoblin zombies (Ossuary)
  2 jackal zombies (Ossuary)
  4 kobolds
  12 kobold zombies (Ossuary)
  7 orc zombies (Ossuary)
  10 rats
163 creatures vanquished.

Notes
Turn   | Place    | Note
-------+----------+-------------------------------------------
     0 | D:1      | wilfster70 the Gnoll Enchanter began the quest for the Orb.
     0 | D:1      | Reached XP level 1. HP: 13/13 MP: 6/6
     4 | D:1      | Reached XP level 2. HP: 20/20 MP: 7/7
    63 | D:1      | Learned a level 2 spell: Ensorcelled Hibernation
   742 | D:1      | Reached XP level 3. HP: 21/25 MP: 9/9
   759 | D:1      | Learned a level 3 spell: Confuse
   794 | D:1      | Reached skill level 6 in Stealth
   794 | D:1      | Reached skill level 5 in Spellcasting
  1004 | D:2      | Reached skill level 1 in Invocations
  1278 | D:2      | Reached skill level 1 in Fighting
  1278 | D:2      | Reached skill level 1 in Long Blades
  1278 | D:2      | Reached skill level 1 in Axes
  1278 | D:2      | Reached skill level 1 in Maces & Flails
  1278 | D:2      | Reached skill level 1 in Polearms
  1278 | D:2      | Reached skill level 1 in Staves
  1278 | D:2      | Reached skill level 1 in Slings
  1278 | D:2      | Reached skill level 1 in Bows
  1278 | D:2      | Reached skill level 1 in Crossbows
  1278 | D:2      | Reached skill level 1 in Throwing
  1278 | D:2      | Reached skill level 1 in Armour
  1278 | D:2      | Reached skill level 1 in Shields
  1278 | D:2      | Reached skill level 1 in Unarmed Combat
  1278 | D:2      | Reached skill level 1 in Evocations
  1348 | D:2      | Reached XP level 4. HP: 32/32 MP: 8/11
  1514 | D:2      | Reached skill level 1 in Conjurations
  1514 | D:2      | Reached skill level 1 in Charms
  1514 | D:2      | Reached skill level 1 in Summonings
  1514 | D:2      | Reached skill level 1 in Necromancy
  1514 | D:2      | Reached skill level 1 in Translocations
  1514 | D:2      | Reached skill level 1 in Transmutations
  1514 | D:2      | Reached skill level 1 in Fire Magic
  1514 | D:2      | Reached skill level 1 in Ice Magic
  1514 | D:2      | Reached skill level 1 in Air Magic
  1514 | D:2      | Reached skill level 1 in Earth Magic
  1514 | D:2      | Reached skill level 1 in Poison Magic
  1827 | D:2      | Found a radiant altar of Vehumet.
  1833 | D:2      | Became a worshipper of Vehumet
  1981 | D:3      | Reached XP level 5. HP: 28/37 MP: 3/12
  2186 | D:3      | Noticed tkdonut's ghost (amateur HOBe)
  2527 | D:3      | Reached * piety under Vehumet
  2527 | D:3      | Offered knowledge of Shock by Vehumet.
  2535 | D:3      | Learned a level 1 spell: Shock
  2750 | D:3      | Noticed a water moccasin
  2767 | D:3      | Killed tkdonut's ghost
  2767 | D:3      | Reached skill level 5 in Dodging
  2767 | D:3      | Reached XP level 6. HP: 22/44 MP: 14/14
  2769 | D:3      | Killed a water moccasin
  2769 | D:3      | Reached XP level 7. HP: 25/50 MP: 15/15
  3228 | D:4      | Found a staircase to the Ecumenical Temple.
  3294 | D:4      | Found a sand-covered staircase.
  3299 | Ossuary  | Entered an ossuary
  3357 | Ossuary  | Offered knowledge of Flame Tongue by Vehumet.
  3373 | Ossuary  | Reached ** piety under Vehumet
  3722 | Ossuary  | Reached XP level 8. HP: 54/57 MP: 16/16
  3762 | Ossuary  | Offered knowledge of Conjure Flame by Vehumet.
  3772 | Ossuary  | Learned a level 3 spell: Conjure Flame
  3845 | D:4      | Noticed dscm's ghost (amateur GrEE)
  3862 | D:4      | Found Toocacs's Food Boutique.
  4208 | D:4      | Found Efuptie's Food Shoppe.
  4244 | D:4      | Reached *** piety under Vehumet
  4553 | D:4      | Found Cuirojap's Assorted Antiques.
  4560 | D:4      | Bought a creamy pearl robe for 165 gold pieces
  4570 | D:4      | Identified the +1 robe of Intuition {rElec rC+ Int+2} (You bought it in a shop on level 4 of the Dungeon)
  4693 | D:5      | Entered Level 5 of the Dungeon
  4840 | D:5      | Offered knowledge of Sticky Flame by Vehumet.
  4848 | D:5      | Learned a level 4 spell: Sticky Flame
  5003 | D:5      | Noticed Swet's ghost (novice MiCK)
  5019 | D:5      | Killed Swet's ghost
  5019 | D:5      | Reached skill level 7 in Stealth
  5019 | D:5      | Reached XP level 9. HP: 58/65 MP: 18/18
  5118 | D:5      | Found a sparkling altar of Nemelex Xobeh.
  5648 | D:6      | Got a jewelled dagger
  5649 | D:6      | Identified the +8 dagger of Dithmenos's Approval {pierce, rF+} (You found it on level 6 of the Dungeon)
  5819 | D:6      | Identified a scroll of acquirement
  5822 | D:6      | Got a transparent cloak
  5834 | D:6      | Identified the +0 cloak of Egruc {rElec} (You acquired it on level 6 of the Dungeon)
  5870 | D:6      | HP: 3/65 [poisoned by a gnoll sergeant]
  5871 | D:6      | Succumbed to a gnoll sergeant's poison

Skill      XL: |  1  2  3  4  5  6  7  8  9 |
---------------+----------------------------+-----
Stealth        | 6 7 |  7.3
Spellcasting   | 5 6 |  6.5
Invocations    | 1 2 3 4 |  4.4
Fighting       | 1 2 3 4 |  4.0
Long Blades    | 1 2 3 4 |  4.0
Axes           | 1 2 3 4 |  4.0
Maces & Flails | 1 2 3 4 |  4.0
Polearms       | 1 2 3 4 |  4.0
Staves         | 1 2 3 4 |  4.0
Slings         | 1 2 3 4 |  4.0
Bows           | 1 2 3 4 |  4.0
Crossbows      | 1 2 3 4 |  4.0
Throwing       | 1 2 3 4 |  4.0
Armour         | 1 2 3 4 |  4.0
Shields        | 1 2 3 4 |  4.0
Unarmed Combat | 1 2 3 4 |  4.0
Evocations     | 1 2 3 4 |  4.0
Conjurations   | 1 2 3 |  3.3
Charms         | 1 2 3 |  3.3
Summonings     | 1 2 3 |  3.3
Necromancy     | 1 2 3 |  3.3
Translocations | 1 2 3 |  3.3
Transmutations | 1 2 3 |  3.3
Fire Magic     | 1 2 3 |  3.3
Ice Magic      | 1 2 3 |  3.3
Air Magic      | 1 2 3 |  3.3
Earth Magic    | 1 2 3 |  3.3
Poison Magic   | 1 2 3 |  3.3
Short Blades   | 3 4 |  4.8
Dodging        | 5 6 |  6.2
Hexes          | 6 |  6.4

Action                   |  1- 3 |  4- 6 |  7- 9 || total
-------------------------+-------+-------+-------++-------
Melee: Dagger            |    62 |    86 |   144 ||   292
       Bite              |     6 |     7 |    35 ||    48
       Flail             |       |       |   200 ||   200
       Punch             |       |       |     6 ||     6
 Cast: Ensorcelled Hiber |    15 |    27 |    68 ||   110
       Confuse           |       |     2 |     1 ||     3
  Use: Scroll            |       |     4 |     5 ||     9
 Stab: Sleeping          |    20 |    30 |    47 ||    97
       Confused          |       |     3 |     3 ||     6
  Eat: Chunk             |     1 |     5 |     7 ||    13
       Ration            |       |       |     1 ||     1
Armor: Robe              |     8 |    19 |   100 ||   127
Dodge: Dodged            |    37 |    45 |   198 ||   280
